 Dungeon Sprint DCSS version 0.17-a0-1301-ga863c44 (webtiles) character file.

767 Kidiri the Covert (level 7, -3/39 HPs)
             Began as a Spriggan Assassin on June 7, 2015.
             Rolled over by a boulder beetle (41 damage)
             ... in the Dungeon (Sprint II: "The Violet Keep of Menkaure").
             The game lasted 00:01:54 (379 turns).

Kidiri the Covert (Spriggan Assassin)                Turns: 379, Time: 00:01:54

Health: -3/39      AC:  3    Str:  7    XL:     7   Next: 52%
Magic:  8/8        EV: 29    Int: 13    God:
Gold:   486        SH:  0    Dex: 19    Spells: 0 memorised, 6 levels left

rFire  . . .     SeeInvis +     b - +0 blowgun
rCold  . . .     Clarity  .     c - +0 robe
rNeg   . . .     SustAt   .     (shield restricted)
rPois  .         Gourm    .     (helmet restricted)
rElec  .         Spirit   .     d - +0 cloak
rCorr  .         Warding  .     (gloves unavailable)
rMut   .         NoTele   +     (boots unavailable)
MR     +....                    (no amulet)
Stlth  +++++++...               (no ring)
                                (no ring)

@: very quick, somewhat resistant to hostile enchantments, extremely stealthy
A: unfitting armour, see invisible, herbivore 3, speed 3, slow metabolism 2
a: no special abilities


You were in the Dungeon.
You were not hungry.

You visited 1 branch You collected 486 gold pieces.

Inventory:

Hand weapons
 a - a +2 dagger
 b - a +0 blowgun (weapon)
Missiles
 e - 7 poisoned needles (quivered)
 f - a curare-tipped needle
Armour
 c - a +0 robe (worn)
 d - a +0 cloak (worn)
Scrolls
 m - a scroll of blinking
Potions
 h - a potion of curing
 i - a potion of heal wounds
 j - a potion of haste
 k - 2 potions of magic
 l - a potion of berserk rage
Comestibles
 g - a bread ration


   Skills:
 + Level 5.0 Fighting
 * Level 9.4 Short Blades
 + Level 6.7 Throwing
 * Level 11.7 Dodging
 * Level 13.6 Stealth


You had 6 spell levels left.
You didn't know any spells.

Dungeon Overview and Level Annotations

Branches:
Dungeon (1/1)

Altars:


Innate Abilities, Weirdness & Mutations

You are tiny and cannot use many weapons and most armour.
You have supernaturally acute eyesight.
You are a herbivore.
You cover ground extremely quickly.
You need consume almost no food.


Message History

There is an open door here.
Wield which item (- for none, * to show all)? (? for menu, Esc to quit)
Okay, then.
Unknown command.
Unknown command.
You close the door.
Wield which item (- for none, * to show all)? (? for menu, Esc to quit)
b - a +0 blowgun (weapon)
Quiver which item? (- for none, * to show all) (? for menu, Esc to quit)
Quivering
e - 8 poisoned needles for blowguns.
You open the door.
The boulder beetle curls into a ball and starts rolling!
Firing (i - inventory. (,) - cycle):
e - 8 poisoned needles (quivered)
Press: ? - help, Shift-Dir - straight line, f - boulder beetle
Aim: a boulder beetle (rolling)
You shoot a poisoned needle.
The poisoned needle hits the boulder beetle!
The boulder beetle is poisoned.
The boulder beetle smashes into you!
Ouch! That really hurt!
You die...

##+
##.####
#.##..#
####...##
##.###'##
#...##.##
+.#.'.<.+
#.).##@##
##.###B##
####ยง#$#
#..#..#
##.#.##
##+##


You could see a boulder beetle.

Vanquished Creatures
  A siren (D)
  A boulder beetle (D)
  4 brain worms (D)
6 creatures vanquished.

Vanquished Creatures (others)
  Menkaure (D)
  A crocodile (D)
2 creatures vanquished.

Grand Total: 8 creatures vanquished

Notes
Turn   | Place    | Note
--------------------------------------------------------------
     0 | D        | Kidiri the Spriggan Assassin began the quest for the Orb.
     0 | D        | Reached XP level 1. HP: 10/10 MP: 2/2
     1 | D        | Noticed a brain worm
     1 | D        | Noticed a brain worm
     1 | D        | Noticed a brain worm
     1 | D        | Noticed a brain worm
     3 | D        | Killed a brain worm
     3 | D        | Reached skill level 5 in Dodging
     3 | D        | Reached skill level 8 in Stealth
     3 | D        | Reached XP level 2. HP: 14/16 MP: 3/3
     3 | D        | Reached XP level 3. HP: 16/19 MP: 4/4
     3 | D        | Reached XP level 4. HP: 19/23 MP: 5/5
     5 | D        | Killed a brain worm
     5 | D        | Reached skill level 5 in Short Blades
     5 | D        | Reached skill level 9 in Stealth
     5 | D        | Reached XP level 5. HP: 22/28 MP: 6/6
     6 | D        | Killed a brain worm
     6 | D        | Reached skill level 10 in Stealth
     6 | D        | Killed a crocodile
    16 | D        | Killed a brain worm
    16 | D        | Reached skill level 5 in Throwing
    16 | D        | Reached skill level 11 in Stealth
    16 | D        | Reached XP level 6. HP: 25/33 MP: 7/7
    90 | D        | Noticed a siren
   113 | D        | Killed a siren
   113 | D        | Reached skill level 12 in Stealth
   113 | D        | Reached XP level 7. HP: 19/38 MP: 8/8
   347 | D        | Killed Menkaure
   368 | D        | Noticed a boulder beetle
   368 | D        | Noticed a boulder beetle
   371 | D        | Killed a boulder beetle
   371 | D        | Reached skill level 5 in Fighting
   371 | D        | Reached skill level 13 in Stealth
   379 | D        | Rolled over by a boulder beetle

Vault maps used:
D:        the_violet_keep_of_menkaure

Action                   |  1- 3 |  4- 6 |  7- 9 || total
-------------------------+-------+-------+-------++-------
Melee: Dagger            |     1 |    29 |     1 ||    31
 Fire: Blowgun           |       |     1 |     1 ||     2
 Stab: Sleeping          |     1 |     2 |     1 ||     4
